| TOP OF THE 1ST |
|
Pawtucket Red Sox batting - Pitching for Charlotte Knights : RHP Nick Butler
|
|
Pitching: RHP Nick Butler
|
|
|
Batting: SHB Ben Ervin
|
0-0: Ball 1-0: Called Strike 1-1: Foul Ball, location: 2F 1-2: Foul Ball, location: 2F 1-2: Ball 2-2: Ball 3-2: Fly out, F8 (Flyball, 8LS, EV 86.2 MPH)
|
|
Batting: SHB Gus Cruz
|
0-0: Ball 1-0: Called Strike 1-1: Ball 2-1: Fly out, F9 (Flyball, 89D, EV 88.1 MPH)
|
|
Batting: RHB Dave Burwell
|
0-0: Ball 1-0: Ball 2-0: Foul Ball, location: 2F 2-1: SOLO HOME RUN (Flyball, 9D, EV 100.6 MPH), Distance : 378 ft
|
|
Batting: LHB David Moore
|
0-0: Ball 1-0: Ball 2-0: Called Strike 2-1: SINGLE (Line Drive, 89S, EV 96.2 MPH)
|
|
Batting: RHB Brandon Perris
|
0-0: Ball 1-0: Called Strike 1-1: Ball 2-1: Ball 3-1: Base on Balls David Moore to second
|
|
Batting: RHB Joe Sandoval
|
0-0: Ball 1-0: Called Strike 1-1: Fielders Choice at 2nd, 5-4 (Groundball, 56, EV 87.5 MPH)
|
| Top of the 1st over - 1 run, 2 hits, 0 errors, 2 left on base; Pawtucket 1 - Charlotte 0 |
| BOTTOM OF THE 1ST |
|
Charlotte Knights batting - Pitching for Pawtucket Red Sox : RHP Graham Jackson
|
|
Pitching: RHP Graham Jackson
|
|
|
Batting: RHB Josiah Wright
|
0-0: Ground out 5-3 (Groundball, 56S, EV 62.5 MPH)
|
|
Batting: LHB Adam Tarbutton
|
0-0: Foul Ball, location: 2F 0-1: SINGLE (Groundball, 6M, EV 89.4 MPH) (infield hit)
|
|
Batting: LHB Ricardo Pagan
|
0-0: Called Strike 0-1: Ball Adam Tarbutton is caught stealing 2nd base 2-6 1-1: SINGLE (Groundball, 6S, EV 68.8 MPH) (infield hit)
|
|
Batting: RHB Mike Warzecha
|
0-0: Ball 1-0: Called Strike 1-1: Ground out 5-3 (Groundball, 15, EV 85.0 MPH)
|
| Bottom of the 1st over - 0 runs, 2 hits, 0 errors, 1 left on base; Pawtucket 1 - Charlotte 0 |
| TOP OF THE 2ND |
|
Pawtucket Red Sox batting - Pitching for Charlotte Knights : RHP Nick Butler
|
|
Batting: LHB Frank Olivo
|
0-0: Called Strike 0-1: Ball 1-1: Ball 2-1: Ball 3-1: Base on Balls
|
|
Batting: RHB Joe Evrard
|
0-0: Called Strike 0-1: Ball 1-1: SINGLE (Groundball, 5D, EV 100.0 MPH) Frank Olivo to second
|
|
Batting: RHB Ted Emmerich
|
0-0: Called Strike 0-1: Foul Ball, location: 2F 0-2: Ball 1-2: Ball 2-2: Strikes out looking
|
|
Batting: SHB Ben Ervin
|
0-0: Ball 1-0: Ball 2-0: Called Strike 2-1: Ball 3-1: Called Strike 3-2: Grounds into double play, 4-6-3 (Groundball, 4, EV 96.9 MPH)
|
| Top of the 2nd over - 0 runs, 1 hit, 0 errors, 1 left on base; Pawtucket 1 - Charlotte 0 |
| BOTTOM OF THE 2ND |
|
Charlotte Knights batting - Pitching for Pawtucket Red Sox : RHP Graham Jackson
|
|
Batting: RHB Jeremy Hoffert
|
0-0: Foul Ball, location: 2F 0-1: Ball 1-1: Ball 2-1: Ball 3-1: Swinging Strike 3-2: Foul Ball, location: 2F 3-2: Foul Ball, location: 2F 3-2: Ground out 5-3 (Groundball, 56S, EV 88.8 MPH)
|
|
Batting: SHB Ethan Villalobos
|
0-0: Called Strike 0-1: Called Strike 0-2: SINGLE (Groundball, 34D, EV 104.4 MPH)
|
|
Batting: SHB Josh Conner
|
0-0: Ball 1-0: Called Strike 1-1: Ball 2-1: Foul Ball, location: 2F 2-2: Fly out, F7 (Flyball, 7D, EV 93.8 MPH)
|
|
Batting: RHB Kikuo Sato
|
0-0: Ball 1-0: Ball 2-0: Called Strike 2-1: Swinging Strike 2-2: Ball 3-2: Strikes out swinging
|
| Bottom of the 2nd over - 0 runs, 1 hit, 0 errors, 1 left on base; Pawtucket 1 - Charlotte 0 |
| TOP OF THE 3RD |
|
Pawtucket Red Sox batting - Pitching for Charlotte Knights : RHP Nick Butler
|
|
Batting: SHB Gus Cruz
|
0-0: Ball 1-0: Ball 2-0: Called Strike 2-1: Foul Ball, location: 2F 2-2: Fly out, F5 (Line Drive, 5L, EV 62.5 MPH)
|
|
Batting: RHB Dave Burwell
|
0-0: Foul Ball, location: 2F 0-1: Ground out 6-3 (Groundball, 6M, EV 96.9 MPH)
|
|
Batting: LHB David Moore
|
0-0: Called Strike 0-1: Ball 1-1: Ball 2-1: DOUBLE (Flyball, 78D, EV 89.4 MPH)
|
|
Batting: RHB Brandon Perris
|
0-0: Ball 1-0: Called Strike 1-1: Fly out, F8 (Flyball, 8RD, EV 95.0 MPH)
|
| Top of the 3rd over - 0 runs, 1 hit, 0 errors, 1 left on base; Pawtucket 1 - Charlotte 0 |
| BOTTOM OF THE 3RD |
|
Charlotte Knights batting - Pitching for Pawtucket Red Sox : RHP Graham Jackson
|
|
Batting: RHB Jose Marquez
|
0-0: Called Strike 0-1: Ball 1-1: Ball 2-1: Ball 3-1: Base on Balls
|
|
Batting: RHB Josiah Wright
|
0-0: Fly out, F6 (Popup, 56, EV 54.4 MPH)
|
|
Batting: LHB Adam Tarbutton
|
0-0: Foul Ball, location: 2F 0-1: Called Strike 0-2: Foul Ball, location: 2F 0-2: Fly out, F8 (Flyball, 8LD, EV 101.2 MPH)
|
|
Batting: LHB Ricardo Pagan
|
0-0: Foul Ball, location: 2F 0-1: DOUBLE (Line Drive, 89D, EV 103.1 MPH) Jose Marquez to third Runner from 3rd tries for Home, throw by CF and OUT! 8-4-2
|
| Bottom of the 3rd over - 0 runs, 1 hit, 0 errors, 1 left on base; Pawtucket 1 - Charlotte 0 |
| TOP OF THE 4TH |
|
Pawtucket Red Sox batting - Pitching for Charlotte Knights : RHP Nick Butler
|
|
Batting: RHB Joe Sandoval
|
0-0: SINGLE (Groundball, 34D, EV 105.6 MPH)
|
|
Batting: LHB Frank Olivo
|
0-0: Ball 1-0: Called Strike 1-1: SINGLE (Line Drive, 3D, EV 105.0 MPH) Joe Sandoval to second
|
|
Batting: RHB Joe Evrard
|
0-0: Called Strike 0-1: Ball 1-1: Swinging Strike 1-2: Ball 2-2: Ball 3-2: Foul Ball, location: 2F 3-2: Ground out 4-3 (Groundball, 4S, EV 65.6 MPH) Joe Sandoval to third Frank Olivo to second
|
|
Batting: RHB Ted Emmerich
|
0-0: Fly out, F8 (Line Drive, 89M, EV 103.1 MPH) Runner from 3rd tags up, SCORES, no throw by CF
|
|
Batting: SHB Ben Ervin
|
0-0: Ball 1-0: Called Strike 1-1: Foul Ball, location: 2F 1-2: Foul Ball, location: 2F 1-2: Foul Ball, location: 2F 1-2: Foul Ball, location: 2F 1-2: Strikes out looking
|
| Top of the 4th over - 1 run, 2 hits, 0 errors, 1 left on base; Pawtucket 2 - Charlotte 0 |
| BOTTOM OF THE 4TH |
|
Charlotte Knights batting - Pitching for Pawtucket Red Sox : RHP Graham Jackson
|
|
Batting: RHB Mike Warzecha
|
0-0: Ground out 4-3 (Groundball, 4, EV 83.8 MPH)
|
|
Batting: RHB Jeremy Hoffert
|
0-0: Ball 1-0: SINGLE (Groundball, 5L, EV 110.0 MPH) (infield hit)
|
|
Batting: SHB Ethan Villalobos
|
0-0: Foul Ball, location: 2F 0-1: Ball Jeremy Hoffert is caught stealing 2nd base 2-6 1-1: SINGLE (Groundball, 34D, EV 94.4 MPH)
|
|
Batting: SHB Josh Conner
|
0-0: Called Strike 0-1: Ball 1-1: Foul Ball, location: 2F 1-2: Strikes out swinging
|
| Bottom of the 4th over - 0 runs, 2 hits, 0 errors, 1 left on base; Pawtucket 2 - Charlotte 0 |
| TOP OF THE 5TH |
|
Pawtucket Red Sox batting - Pitching for Charlotte Knights : RHP Nick Butler
|
|
Batting: SHB Gus Cruz
|
0-0: Called Strike 0-1: Ball 1-1: Foul Ball, location: 2F 1-2: Strikes out looking
|
|
Batting: RHB Dave Burwell
|
0-0: Fly out, F3 (Popup, 34S, EV 72.5 MPH)
|
|
Batting: LHB David Moore
|
0-0: Ball 1-0: Ball 2-0: Ball 3-0: Swinging Strike 3-1: Called Strike 3-2: Base on Balls
|
|
Pitching: LHP Juan Fuentes
|
|
|
Batting: RHB Brandon Perris
|
0-0: Ground out 5-3 (Groundball, 15, EV 80.0 MPH)
|
| Top of the 5th over - 0 runs, 0 hits, 0 errors, 1 left on base; Pawtucket 2 - Charlotte 0 |
| BOTTOM OF THE 5TH |
|
Charlotte Knights batting - Pitching for Pawtucket Red Sox : RHP Graham Jackson
|
|
Batting: RHB Kikuo Sato
|
0-0: Called Strike 0-1: Ball 1-1: SINGLE (Groundball, 56D, EV 96.2 MPH)
|
|
Batting: RHB Jose Marquez
|
0-0: Called Strike 0-1: Grounds into double play, 6-4-3 (Groundball, 6S, EV 86.9 MPH)
|
|
Batting: RHB Josiah Wright
|
0-0: Swinging Strike 0-1: Foul Ball, location: 2F 0-2: SINGLE (Groundball, 56S, EV 71.2 MPH) (infield hit)
|
|
Batting: LHB Adam Tarbutton
|
0-0: Ball Josiah Wright steals 2nd base (no throw) 1-0: Ball 2-0: Foul Ball, location: 2F 2-1: Ground out 6-3 (Groundball, 6M, EV 105.6 MPH)
|
| Bottom of the 5th over - 0 runs, 2 hits, 0 errors, 1 left on base; Pawtucket 2 - Charlotte 0 |
| TOP OF THE 6TH |
|
Pawtucket Red Sox batting - Pitching for Charlotte Knights : LHP Juan Fuentes
|
|
Batting: RHB Joe Sandoval
|
0-0: Ball 1-0: Called Strike 1-1: Swinging Strike 1-2: Ball 2-2: Strikes out swinging
|
|
Batting: LHB Frank Olivo
|
0-0: Called Strike 0-1: Ball 1-1: Ball 2-1: Ball 3-1: Base on Balls
|
|
Batting: RHB Joe Evrard
|
0-0: Swinging Strike 0-1: Foul Ball, location: 2F 0-2: Ball 1-2: Strikes out looking
|
|
Batting: RHB Ted Emmerich
|
0-0: Called Strike 0-1: Ball 1-1: SINGLE (Line Drive, 89S, EV 103.8 MPH) Frank Olivo to second
|
|
Batting: SHB Ben Ervin
|
0-0: Called Strike 0-1: Swinging Strike 0-2: Strikes out swinging
|
| Top of the 6th over - 0 runs, 1 hit, 0 errors, 2 left on base; Pawtucket 2 - Charlotte 0 |
| BOTTOM OF THE 6TH |
|
Charlotte Knights batting - Pitching for Pawtucket Red Sox : RHP Graham Jackson
|
|
Batting: LHB Ricardo Pagan
|
0-0: Called Strike 0-1: Ball 1-1: Ball 2-1: DOUBLE (Line Drive, 78D, EV 108.8 MPH)
|
|
Batting: RHB Mike Warzecha
|
0-0: SINGLE (Groundball, 56D, EV 100.0 MPH) Ricardo Pagan to third Runner from 3rd tries for Home, SAFE, throw by LF to home
|
|
Pinch Runner at 1st Dunlang Clark:
|
|
|
Batting: RHB Jeremy Hoffert
|
0-0: Called Strike 0-1: Ball 1-1: Ball Dunlang Clark steals 2nd base (no throw) 2-1: Foul Ball, location: 2F 2-2: Fly out, F9 (Flyball, 9LM, EV 87.5 MPH)
|
|
Batting: SHB Ethan Villalobos
|
0-0: Ball 1-0: Foul Ball, location: 2F 1-1: Ball 2-1: Ground out 4-3 (Groundball, 34, EV 89.4 MPH) Dunlang Clark to third
|
|
Batting: SHB Josh Conner
|
0-0: Called Strike 0-1: Swinging Strike 0-2: Ball 1-2: Ball 2-2: Strikes out swinging
|
| Bottom of the 6th over - 1 run, 2 hits, 0 errors, 1 left on base; Pawtucket 2 - Charlotte 1 |
| TOP OF THE 7TH |
|
Pawtucket Red Sox batting - Pitching for Charlotte Knights : LHP Juan Fuentes
|
|
Now at 1B: Dunlang Clark
|
|
|
Batting: SHB Gus Cruz
|
0-0: SINGLE (Line Drive, 56D, EV 94.4 MPH)
|
|
Batting: RHB Dave Burwell
|
0-0: Ball 1-0: Foul Ball, location: 2F 1-1: Called Strike 1-2: Ball 2-2: Grounds into double play, U4-3 (Groundball, 6M, EV 100.6 MPH)
|
|
Batting: RHB Rodolfo Contreras
|
0-0: Foul Ball, location: 2F 0-1: Foul Ball, location: 2F 0-2: Ball 1-2: Foul Ball, location: 2F 1-2: Foul Ball, location: 2F 1-2: Ground out 3-1 (Groundball, 34S, EV 83.1 MPH)
|
| Top of the 7th over - 0 runs, 1 hit, 0 errors, 0 left on base; Pawtucket 2 - Charlotte 1 |
| BOTTOM OF THE 7TH |
|
Charlotte Knights batting - Pitching for Pawtucket Red Sox : RHP Graham Jackson
|
|
Batting: RHB Kikuo Sato
|
0-0: Ball 1-0: Called Strike 1-1: Ball 2-1: Swinging Strike 2-2: Reached via error on a dropped throw from SS, E3 (Groundball, 56, EV 83.1 MPH)
|
|
Pinch Hitting: LHB Justin Stickney
|
0-0: Foul Ball, location: 2F 0-1: SINGLE (Line Drive, 7S, EV 98.1 MPH) Kikuo Sato to second
|
|
Batting: RHB Josiah Wright
|
0-0: Ball 1-0: Swinging Strike 1-1: Ball 2-1: Fly out, F7 (Flyball, 7S, EV 81.9 MPH)
|
|
Batting: LHB Adam Tarbutton
|
0-0: Fielders Choice at 2nd, 6-4 (Groundball, 6, EV 94.4 MPH) Kikuo Sato to third
|
|
Batting: LHB Ricardo Pagan
|
0-0: Ball 1-0: SINGLE (Groundball, 6M, EV 105.6 MPH) (infield hit) Kikuo Sato scores Adam Tarbutton to second
|
|
Batting: RHB Dunlang Clark
|
0-0: Ball 1-0: Swinging Strike 1-1: Foul Ball, location: 2F 1-2: Strikes out swinging, 2-3 out at first.
|
| Bottom of the 7th over - 1 run, 2 hits, 1 error, 2 left on base; Pawtucket 2 - Charlotte 2 |
| TOP OF THE 8TH |
|
Pawtucket Red Sox batting - Pitching for Charlotte Knights : LHP Juan Fuentes
|
|
Pitching: RHP Chris Worster
|
|
|
Now at SS: John Iddings
|
|
|
Pinch Hitting: LHB Zack Guillen
|
0-0: Swinging Strike 0-1: Ball 1-1: Ball 2-1: Called Strike 2-2: Foul Ball, location: 2F 2-2: Ball 3-2: Strikes out swinging
|
|
Batting: RHB Joe Sandoval
|
0-0: Called Strike 0-1: Ball 1-1: Swinging Strike 1-2: Strikes out swinging
|
|
Batting: LHB Frank Olivo
|
0-0: Ball 1-0: Foul Ball, location: 2F 1-1: Called Strike 1-2: DOUBLE (Line Drive, 8RXD, EV 103.8 MPH)
|
|
Batting: RHB Joe Evrard
|
0-0: Ball 1-0: Foul Ball, location: 2F 1-1: Foul Ball, location: 2F 1-2: SINGLE (Groundball, 56D, EV 98.8 MPH) Frank Olivo to third Runner from 3rd tries for Home, SAFE, throw by LF to home Joe Evrard to second
|
|
Batting: RHB Ted Emmerich
|
0-0: Swinging Strike 0-1: Fly out, F9 (Flyball, 9S, EV 89.4 MPH)
|
| Top of the 8th over - 1 run, 2 hits, 0 errors, 1 left on base; Pawtucket 3 - Charlotte 2 |
| BOTTOM OF THE 8TH |
|
Charlotte Knights batting - Pitching for Pawtucket Red Sox : RHP Graham Jackson
|
|
Pitching: RHP Jaime Dunning
|
|
|
Now at 3B: Ben Ervin
|
|
|
Now in LF: Zack Guillen
|
|
|
Batting: RHB Jeremy Hoffert
|
0-0: Called Strike 0-1: Ball 1-1: Foul Ball, location: 2F 1-2: Ball 2-2: Ball 3-2: Foul Ball, location: 2F 3-2: Foul Ball, location: 2F 3-2: Base on Balls
|
|
Batting: SHB Ethan Villalobos
|
0-0: Grounds into double play, 4-6-3 (Groundball, 34S, EV 83.8 MPH)
|
|
Pinch Hitting: RHB Chris Cooper
|
0-0: SINGLE (Groundball, 56D, EV 96.9 MPH)
|
|
Batting: RHB Kikuo Sato
|
0-0: Called Strike 0-1: Swinging Strike 0-2: Ground out 1-3 (Groundball, 34S, EV 74.4 MPH)
|
| Bottom of the 8th over - 0 runs, 1 hit, 0 errors, 1 left on base; Pawtucket 3 - Charlotte 2 |
| TOP OF THE 9TH |
|
Pawtucket Red Sox batting - Pitching for Charlotte Knights : RHP Chris Worster
|
|
Pitching: RHP Tommy Benedict
|
|
|
Now at 3B: Micah Brown
|
|
|
Batting: SHB Ben Ervin
|
0-0: Ball 1-0: SINGLE (Flyball, 8LS, EV 91.2 MPH)
|
|
Batting: SHB Gus Cruz
|
0-0: Bunted foul 0-1: Bunted foul 0-2: Grounds into double play, 4-6-3 (Groundball, 4, EV 83.1 MPH)
|
|
Batting: RHB Dave Burwell
|
0-0: Ball 1-0: Ball 2-0: Ball 3-0: Called Strike 3-1: Foul Ball, location: 2F 3-2: Foul Ball, location: 2F 3-2: Strikes out swinging
|
| Top of the 9th over - 0 runs, 1 hit, 0 errors, 0 left on base; Pawtucket 3 - Charlotte 2 |
| BOTTOM OF THE 9TH |
|
Charlotte Knights batting - Pitching for Pawtucket Red Sox : RHP Jaime Dunning
|
|
Batting: RHB John Iddings
|
0-0: Foul Ball, location: 2F 0-1: Called Strike 0-2: Ball 1-2: Ball 2-2: Ground out 4-3 (Groundball, 4, EV 85.6 MPH)
|
|
Batting: RHB Josiah Wright
|
0-0: Ball 1-0: Ground out U3 (Groundball, 3, EV 76.9 MPH)
|
|
Batting: LHB Adam Tarbutton
|
0-0: Foul Ball, location: 2F 0-1: Foul Ball, location: 2F 0-2: Fly out, F4 (Popup, 4, EV 58.8 MPH)
|
| Bottom of the 9th over - 0 runs, 0 hits, 0 errors, 0 left on base; Pawtucket 3 - Charlotte 2 |
|